 Dungeon Crawl Stone Soup version 0.22-a0-240-g539252a (webtiles) character file.

39 tidbits the Insei (level 3, 0/28 HPs)
             Began as a Gnoll Transmuter on Feb 21, 2018.
             Was an Initiate of Cheibriados.
             Succumbed to an adder's poison
             ... on level 2 of the Dungeon.
             The game lasted 00:04:31 (312 turns).

tidbits the Insei (Gnoll Transmuter)                 Turns: 312, Time: 00:04:31

Health: 0/28       AC:  2    Str: 13    XL:     3   Next: 45%
Magic:  8/9        EV: 15    Int: 17    God:    Cheibriados [......]
Gold:   25         SH:  0    Dex: 16    Spells: 6/12 levels left

rFire    . . .     SeeInvis +   c - 3 rations
rCold    . . .     Gourm    .   (no shield)
rNeg     . . .     Faith    .   b - +0 robe
rPois    .         Spirit   .   (no helmet)
rElec    .         Reflect  .   (no cloak)
rCorr    .         Harm     .   (no gloves)
MR       +....                  (no boots)
Stlth    ++........             R - amulet of magic regeneration
HPRegen  0.09/turn              I - ring of see invisible
MPRegen  0.36/turn              H - ring of protection from magic

@: lethally poisoned (0 -> -9), hasted, quick
A: distributed training, fangs 1, strong nose
a: Bend Time, Renounce Religion


You were on level 2 of the Dungeon.
You worshipped Cheibriados.
Cheibriados was noncommittal.
You were not hungry.

You visited 1 branch of the dungeon, and saw 2 of its levels.

You collected 25 gold pieces.

Inventory:

Missiles
 a - 11 arrows
 d - 8 stones (quivered)
Armour
 b - a +0 robe (worn)
Jewellery
 H - a ring of protection from magic (right hand)
   (You found it on level 1 of the Dungeon)
 I - a ring of see invisible (left hand)
   (You found it on level 1 of the Dungeon)
 R - an amulet of magic regeneration (around neck)
   (You found it on level 1 of the Dungeon)
Scrolls
 e - a scroll of amnesia {unknown}
 f - 2 scrolls of teleportation {unknown}
 g - 2 scrolls of blinking {unknown}
Comestibles
 c - 3 rations (in hand)


   Skills:
 + Level 2.6 Fighting
 + Level 0.7 Short Blades
 + Level 0.7 Long Blades
 + Level 0.7 Axes
 + Level 0.7 Maces & Flails
 + Level 0.7 Polearms
 + Level 0.7 Staves
 + Level 0.7 Slings
 + Level 0.7 Bows
 + Level 0.7 Crossbows
 + Level 0.7 Throwing
 + Level 0.7 Armour
 + Level 4.5 Dodging
 + Level 0.7 Stealth
 + Level 0.7 Shields
 + Level 6.5 Unarmed Combat
 + Level 5.0 Spellcasting
 + Level 0.5 Conjurations
 + Level 0.5 Hexes
 + Level 0.5 Charms
 + Level 0.5 Summonings
 + Level 0.5 Necromancy
 + Level 0.5 Translocations
 + Level 3.7 Transmutations
 + Level 0.5 Fire Magic
 + Level 0.5 Ice Magic
 + Level 0.5 Air Magic
 + Level 0.5 Earth Magic
 + Level 0.5 Poison Magic
 + Level 0.9 Invocations
 + Level 0.7 Evocations


You had 6 spell levels left.
You knew the following spells:

 Your Spells              Type           Power        Failure   Level  Hunger
e - Beastly Appendage     Tmut           ###...       3%          1    None
k - Sticks to Snakes      Tmut           ###.....     4%          2    #......
p - Spider Form           Tmut/Pois      ##........   19%         3    ###....


Dungeon Overview and Level Annotations

Branches:
Dungeon (2/15)

Altars:
Cheibriados
Hepliaklqana
Okawaru
Qazlal
Trog
The Shining One


Innate Abilities, Weirdness & Mutations

Your experience applies equally to all skills.
You have very sharp teeth.
Your uncanny sense of smell can sniff out nearby items.


Message History

You barely miss the adder. Your kick misses the adder.
You punch the adder, but do no damage.
The adder is lightly wounded.
You feel sick. The adder bites you.
* * * LOW HITPOINT WARNING * * *
You are lethally poisoned!
The adder poisons you!
Your ball python bites the adder.
Your ball python closely misses the adder.
You closely miss the adder. Your kick misses the adder.
The adder is moderately wounded.
The adder closely misses you.
Your ball python barely misses the adder.
Your ball python grabs the adder.
Your ball python constricts the adder.
You hit the adder.
The adder is severely wounded.
* * * LOW HITPOINT WARNING * * *
You feel sick. The adder barely misses you.
Your ball python bites the adder.
Your ball python constricts the adder.
The adder dies!
Your Spellcasting skill increases to level 5!
You have reached level 3!
Your experience leads to an increase in your attributes!
Increase (S)trength, (I)ntelligence, or (D)exterity?
Uppercase letters only, please.
You feel clever.
Okay, then.
It was a potion of ambrosia.
You are confused.
You feel invigorated.
* * * LOW HITPOINT WARNING * * *
You feel sick.
You feel less invigorated.
You feel less confused.
You feel sick.
Your transformation is almost over.
You see here an adder corpse.
You feel sick.
You feel sick.
You see here a ration.
c - 3 rations (gained 1) Memorise Spider Form, consuming 3 spell levels and leaving 6?
You feel sick.
You start memorising the spell.
You continue memorising. x2
You feel sick.
You continue memorising.
Your talons disappear.
You finish memorising.
Spell assigned to 'p'.
Found two altars.
Found an iron altar of Okawaru.
You feel sick.
Found a hazy altar of Hepliaklqana and a stormy altar of Qazlal.
Found a scroll labeled FOKLABOQIE.
You feel sick.
Your ball python withers and dies!
There is a snail-covered altar of Cheibriados here.
You kneel at the altar of Cheibriados.
Cheibriados welcomes you!
Cheibriados begins to support your attributes as your movement slows.
You can now bend time to slow others.
You feel sick.
You feel sick.
You are no longer poisoned.
An adder comes into view.
Found 14 gold pieces.
The adder hisses angrily.
The adder bites you.
* * * LOW HITPOINT WARNING * * *
Casting: Sticks to Snakes (safe; 4% risk of failure)
Confirm with . or Enter, or press ? or * to list all spells.
You turn into a venomous arachnid creature.
Your +0 robe melds into your body.
The adder bites you.
* * * LOW HITPOINT WARNING * * *
You are lethally poisoned!
The adder poisons you!
You bite the adder!
The adder is severely wounded.
* * * LOW HITPOINT WARNING * * *
You feel sick. The adder misses you. The adder completely misses you.
You hit the adder but do no damage.
The adder is poisoned.
The adder is severely wounded.
* * * LOW HITPOINT WARNING * * *
You feel sick. The adder misses you.
It was a potion of haste.
You feel yourself speed up.
Cheibriados forgives your accidental hurry, just this once.
* * * LOW HITPOINT WARNING * * *
You feel sick. The adder barely misses you.
You hit the adder.
The adder looks as sick as possible!
The adder is almost dead.
You kill the adder!
Cheibriados appreciates the change of pace.
You aren't carrying any potions.
Unknown command.
Your transformation has ended.
Your +0 robe unmelds from your body.
* * * LOW HITPOINT WARNING * * *
You feel sick.
Wield which item (- for none, * to show all)? (? for menu, Esc to quit)
c - 3 rations (in hand)
You swing at nothing.
You die...

#. #.#
#................. #.
#.# #...............?.
#. #.#
####.##.._..._.### #.
#<###....##.........# #.
#.##.....##._..8.._.#
#.##.##.....##.........#
#....##$....##.._..._.##
####.# #..†###........#
#.# #@###..##...### #.#
#.##.#.###### #..
#.#.###.# #.# #.....##.#
#.# ###.#.# ## .# #.....
#.#.### #.### #.#


There were no monsters in sight!

Vanquished Creatures
  An adder (D:2)
  A worm (D:2)
  2 dart slugs (D:1)
  A leopard gecko (D:1)
  5 bats
  A giant cockroach (D:1)
  A goblin (D:1)
  4 frilled lizards
16 creatures vanquished.

Vanquished Creatures (collateral kills)
  An adder (D:2)
1 creature vanquished.

Grand Total: 17 creatures vanquished

Notes
Turn   | Place    | Note
-------+----------+-------------------------------------------
     0 | D:1      | tidbits the Gnoll Transmuter began the quest for the Orb.
     0 | D:1      | Reached XP level 1. HP: 17/17 MP: 6/6
    46 | D:1      | Reached XP level 2. HP: 21/23 MP: 7/7
    50 | D:1      | Learned a level 2 spell: Sticks to Snakes
   262 | D:2      | Found a bloodstained altar of Trog.
   273 | D:2      | Reached skill level 5 in Spellcasting
   273 | D:2      | Reached XP level 3. HP: 5/28 MP: 7/9
   286 | D:2      | Learned a level 3 spell: Spider Form
   286 | D:2      | Found a glowing golden altar of the Shining One.
   286 | D:2      | Found a snail-covered altar of Cheibriados.
   287 | D:2      | Found an iron altar of Okawaru.
   288 | D:2      | Found a hazy altar of Hepliaklqana.
   288 | D:2      | Found a stormy altar of Qazlal.
   294 | D:2      | Became a worshipper of Cheibriados the Contemplative
   308 | D:2      | HP: 2/28 [poisoned by an adder]
   312 | D:2      | Succumbed to an adder's poison

Vault maps used:
D:1:      dpeg_arrival_rooms_with_view
D:2:      grunt_temple_overflow_open

Skill      XL: |  1  2 |
---------------+-------+-----
Spellcasting   | 5 |  5.0
Fighting       | |  2.6
Short Blades   | |  0.7
Long Blades    | |  0.7
Axes           | |  0.7
Maces & Flails | |  0.7
Polearms       | |  0.7
Staves         | |  0.7
Slings         | |  0.7
Bows           | |  0.7
Crossbows      | |  0.7
Throwing       | |  0.7
Armour         | |  0.7
Dodging        | |  4.5
Stealth        | |  0.7
Shields        | |  0.7
Unarmed Combat | |  6.5
Conjurations   | |  0.5
Hexes          | |  0.5
Charms         | |  0.5
Summonings     | |  0.5
Necromancy     | |  0.5
Translocations | |  0.5
Transmutations | |  3.7
Fire Magic     | |  0.5
Ice Magic      | |  0.5
Air Magic      | |  0.5
Earth Magic    | |  0.5
Poison Magic   | |  0.5
Invocations    | |  0.9
Evocations     | |  0.7

Action                   || total
-------------------------++-------
Melee: Unarmed           ||    40
       Kick              ||     6
       Headbutt          ||     2
       Punch             ||     2
       Bite              ||     2
 Cast: Beastly Appendage ||     7
       Sticks to Snakes  ||     1
       Spider Form       ||     1
 Abil: End Transformatio ||     1
  Use: Potion            ||     2
 Stab: Sleeping          ||     2
Armor: Robe              ||     6
Dodge: Dodged            ||    26

Table legend:
 A = Spawn XP
 B = Non-spawn XP
 C = Spawn XP percentage of total XP
 D = Spawn monster count
 E = Non-spawn monster count
 F = Spawn count percentage of total count
 G = Total turns spent on level
                    A         B        C        D         E        F      G
               +---------+---------+-------+---------+---------+-------+---------
         Total |       0 |      56 |   0.0 |       0 |      17 |   0.0 |   312
               +---------+---------+-------+---------+---------+-------+---------
           D:1 |       0 |      25 |   0.0 |       0 |      12 |   0.0 |   240
           D:2 |       0 |      31 |   0.0 |       0 |       5 |   0.0 |    72
               +---------+---------+-------+---------+---------+-------+---------

Table legend:
 A = Turns spent in this place as a percentage of turns spent in the entire game.
 B = Non-inter-level travel turns spent in this place as a percentage of non-inter-level travel turns spent in the entire game.
 C = Inter-level travel turns spent in this place as a percentage of turns spent in this place.
 D = Turns resting spent in this place as a percentage of non-inter-level travel turns spent in this place.
 E = Turns spent auto-exploring this place as a percentage of non-inter-level travel turns spent in this place.
 F = Non-inter-level travel turns spent in this place divided by the number of levels of this place that you've seen.
                   A       B       C       D       E      F
               +-------+-------+-------+-------+-------+----------------------
         Total | 100.0 | 100.0 |   0.0 |   0.0 |   0.0 | 156.0
       Dungeon | 100.0 | 100.0 |   0.0 |   0.0 |   0.0 | 156.0
               +-------+-------+-------+-------+-------+----------------------

Table legend:
 A = Kills in this place as a percentage of kills in entire the game.
 B = Kills by you in this place as a percentage of kills by you in the entire game.
 C = Kills by friends in this place as a percentage of kills by friends in the entire game.
 D = Other kills in this place as a percentage of other kills in the entire game.
 E = Experience gained in this place as a percentage of experience gained in the entire game.
 F = Experience gained in this place divided by the number of levels of this place that you have seen.
                   A       B       C       D       E      F
               +-------+-------+-------+-------+-------+----------------------
         Total | 100.0 | 100.0 | 100.0 |   N/A | 100.0 |  28.0
       Dungeon | 100.0 | 100.0 | 100.0 |   N/A | 100.0 |  28.0
               +-------+-------+-------+-------+-------+----------------------

Vault maps used:
D:1:      dpeg_arrival_rooms_with_view
D:2:      grunt_temple_overflow_open
